 Dungeon Crawl Stone Soup version 0.21.1-1-g345015f (webtiles) character file.

25 shakethe the Firebug (level 3, 0/19 HPs)
             Began as a Tengu Fire Elementalist on Feb 9, 2018.
             Slain by an adder (3 damage)
             ... on level 2 of the Dungeon.
             The game lasted 00:03:07 (1492 turns).

shakethe the Firebug (Tengu Fire Elementalist)      Turns: 1492, Time: 00:03:07

Health: 0/19       AC: 11    Str:  8    XL:     3   Next: 4%
Magic:  5/7        EV:  0    Int: 16    God:
Gold:   73         SH:  0    Dex: 14    Spells: 5/6 levels left

rFire    . . .     SeeInvis .   e - +0 short sword (curse)
rCold    . . .     Gourm    .   (no shield)
rNeg     . . .     Faith    .   f - +0 plate armour
rPois    .         Spirit   .   j - +1 hat
rElec    .         Reflect  .   (no cloak)
rCorr    .         Harm     .   (no gloves)
MR       .....                  (boots unavailable)
Stlth    ..........             (no amulet)
HPRegen  0.06/turn              (no ring)
MPRegen  0.10/turn              (no ring)

@: lethally poisoned (0 -> -5), very slightly contaminated
A: beak, talons 3
a: no special abilities


You were on level 2 of the Dungeon.
You were not hungry.

You visited 1 branch of the dungeon, and saw 2 of its levels.

You collected 73 gold pieces.

Inventory:

Hand Weapons
 e - a cursed +0 short sword (weapon)
   (You took it off a kobold on level 1 of the Dungeon)
Missiles
 d - 14 stones (quivered)
Armour
 a - a +0 robe
 f - a +0 plate armour (worn)
   (You found it on level 1 of the Dungeon)
 j - a +1 hat (worn)
   (You found it on level 1 of the Dungeon)
Jewellery
 h - a cursed ring of loudness {unknown}
   (You found it on level 1 of the Dungeon)
Scrolls
 i - 3 scrolls of teleportation {unknown}
 k - a scroll of immolation {unknown}
 l - a scroll of identify {unknown}
Potions
 g - a potion of flight {unknown}
Books
 b - a book of Flames
Comestibles
 c - 3 rations
 m - a chunk of flesh {@w0}


   Skills:
 - Level 2.1 Dodging
 - Level 2.0 Stealth
 - Level 2.0 Spellcasting
 * Level 2.8 Conjurations
 * Level 4.0 Fire Magic


You had 5 spell levels left.
You knew the following spells:

 Your Spells              Type           Power        Failure   Level  Hunger
a - Flame Tongue          Conj/Fire      ##...        100%        1    #......


Dungeon Overview and Level Annotations

Branches:
Dungeon (2/15)

Altars:


Innate Abilities, Weirdness & Mutations

You have a beak for a mouth.
You have claws for feet.


Message History

Aim: a jackal You throw a stone.
The stone hits the jackal but does no damage.
Aim: a jackal You throw a stone.
The stone closely misses the jackal.
Aim: a jackal You throw a stone.
The stone closely misses the jackal.
An adder comes into view.
You miss the jackal.
The adder hisses angrily.
You hear a bark!
The jackal bites you but does no damage.
You hit the jackal but do no damage. Your peck misses the jackal.
The jackal bites you but does no damage. x2
You hit the jackal.
The jackal bites you but does no damage.
You hit the jackal but do no damage. You peck the jackal, but do no damage.
The jackal bites you but does no damage. x2
The adder bites you but does no damage.
A jackal comes into view.
Your plate armour prevents you from hitting the jackal.
The jackal bites you but does no damage.
The adder bites you but does no damage.
You closely miss the jackal. You peck the jackal. The jackal bites you.
The adder bites you but does no damage.
The jackal bites you but does no damage.
You take 2 damage, and have 17/19 hp.
You closely miss the jackal. The adder bites you but does no damage.
The jackal bites you but does no damage.
The adder bites you but does no damage.
You hit the jackal. The jackal bites you. The adder bites you.
You are poisoned.
The adder poisons you!
The jackal bites you but does no damage. x2
You take 3 damage, and have 14/19 hp.
You hit the jackal but do no damage.
You feel sick. The jackal bites you. The adder bites you but does no damage.
The jackal bites you but does no damage. x2
The adder bites you but does no damage. The jackal completely misses you.
You take 1 damage, and have 13/19 hp.
Your plate armour prevents you from hitting the jackal.
The jackal bites you but does no damage.
The adder bites you but does no damage.
The jackal bites you but does no damage.
Your plate armour prevents you from hitting the jackal.
You feel sick.
The jackal bites you but does no damage. x2
The adder bites you but does no damage. The jackal bites you. x2
The adder bites you but does no damage.
You are too injured to fight recklessly!
You are too injured to fight recklessly!
You are too injured to fight recklessly!
You take 3 damage, and have 10/19 hp.
You are too injured to fight recklessly!
You are too injured to fight recklessly!
You are too injured to fight recklessly!
You are too injured to fight recklessly!
You are too injured to fight recklessly!
You are too injured to fight recklessly!
You are too injured to fight recklessly!
You are too injured to fight recklessly!
You are too injured to fight recklessly!
You are too injured to fight recklessly!
Unknown command.
You closely miss the jackal. Your kick misses the jackal.
The jackal bites you but does no damage.
The jackal bites you. The adder bites you but does no damage.
The jackal bites you but does no damage.
An adder comes into view.
You take 2 damage, and have 8/19 hp.
The adder hisses angrily.
The jackal bites you but does no damage.
The jackal bites you.
The jackal bites you but does no damage.
You take 2 damage, and have 6/19 hp.
Aim: an adder You miscast Flame Tongue.
You are very lightly contaminated with residual magic.
The air around you crackles with energy!
You feel sick. The adder completely misses you.
The jackal bites you but does no damage. x2
The adder bites you but does no damage.
You take 1 damage, and have 5/19 hp.
You now have 6/7 mp.
Aim: an adder You miscast Flame Tongue.
You smell smoke.
The jackal bites you but does no damage. x2
The adder bites you but does no damage.
The jackal bites you but does no damage.
You now have 5/7 mp.
You miss the adder.
The jackal bites you but does no damage.
The adder bites you but does no damage.
The jackal bites you but does no damage.
The jackal bites you.
* * * LOW HITPOINT WARNING * * *
You take 2 damage, and have 3/19 hp.
You hit the adder. Your peck misses the adder.
The jackal bites you but does no damage.
The adder bites you but does no damage. The adder bites you.
You die...

#.......######.###..#
#.......# #.###..#
#.......# #......#
#)......#########...#
#.#.......(....#.)..#
#.#.####.....#.#.#..#
#.#.# #.......#.#..#
#.#.# #(.S..###.#<.#
#. #(@h..# #.##.#
#(Sh..# #.##.#
..........((.(.. ..
..........####(# .##
#..(...#..# #.# .#
#.........# #.. .#
#.####.#.## ... .# #.
..... #.#.#


You could see 2 adders and 2 jackals.

Vanquished Creatures
  2 worms (D:2)
  2 bats
  A giant cockroach (D:1)
  5 hobgoblins (D:1)
  3 goblins
  3 kobolds (D:1)
  3 rats
19 creatures vanquished.

Notes
Turn   | Place    | Note
-------+----------+-------------------------------------------
     0 | D:1      | shakethe the Tengu Fire Elementalist began the quest for the Orb.
     0 | D:1      | Reached XP level 1. HP: 10/10 MP: 4/4
   344 | D:1      | Reached skill level 2 in Conjurations
   425 | D:1      | Reached XP level 2. HP: 7/15 MP: 6/6
  1391 | D:2      | Reached XP level 3. HP: 19/19 MP: 7/7
  1429 | D:2      | Reached skill level 4 in Fire Magic
  1491 | D:2      | HP: 3/19 [jackal (2)]
  1492 | D:2      | Slain by an adder

Skill      XL: |  1  2  3 |
---------------+----------+-----
Conjurations   | 2 |  2.8
Fire Magic     | 4 |  4.0
Dodging        | |  2.1
Stealth        | |  2.0
Spellcasting   | |  2.0

Action                   || total
-------------------------++-------
Melee: Short sword       ||    70
       Kick              ||    12
       Unarmed           ||     1
       Peck              ||     8
Throw: Stone             ||    49
 Cast: Flame Tongue      ||     7
  Eat: Chunk             ||     2
Armor: Plate armour      ||   120
       Robe              ||     1
Dodge: Dodged            ||     6

Vault maps used:
D:1:      saegor_arrival_simple_f, serial_bayou_pond_c
D:2:      grunt_temple_overflow_open

Table legend:
 A = Turns spent in this place as a percentage of turns spent in the entire game.
 B = Non-inter-level travel turns spent in this place as a percentage of non-inter-level travel turns spent in the entire game.
 C = Inter-level travel turns spent in this place as a percentage of turns spent in this place.
 D = Turns resting spent in this place as a percentage of non-inter-level travel turns spent in this place.
 E = Turns spent auto-exploring this place as a percentage of non-inter-level travel turns spent in this place.
 F = Non-inter-level travel turns spent in this place divided by the number of levels of this place that you've seen.
                   A       B       C       D       E      F
               +-------+-------+-------+-------+-------+----------------------
         Total | 100.0 | 100.0 |   5.4 |  27.5 |  53.3 | 706.0
       Dungeon | 100.0 | 100.0 |   5.4 |  27.5 |  53.3 | 706.0
               +-------+-------+-------+-------+-------+----------------------

Table legend:
 A = Kills in this place as a percentage of kills in entire the game.
 B = Kills by you in this place as a percentage of kills by you in the entire game.
 C = Kills by friends in this place as a percentage of kills by friends in the entire game.
 D = Other kills in this place as a percentage of other kills in the entire game.
 E = Experience gained in this place as a percentage of experience gained in the entire game.
 F = Experience gained in this place divided by the number of levels of this place that you have seen.
                   A       B       C       D       E      F
               +-------+-------+-------+-------+-------+----------------------
         Total | 100.0 | 100.0 |   N/A |   N/A | 100.0 |  18.0
       Dungeon | 100.0 | 100.0 |   N/A |   N/A | 100.0 |  18.0
               +-------+-------+-------+-------+-------+----------------------
